Map: Eastwatch LE

Players

CinDra - Winner!

  • Race: Zerg Zerg
  • League: Bronze
  • Spawn Location: 1:00

A.I. 1 (Medium)

  • Race: Protoss Protoss
  • Spawn Location: 7:00

VOD

Have the link to the VOD?

Description

Time

  • Played on: Feb. 5, 2018, 5:41 p.m.
  • Length: 11:48
Show
View Real Time Build Order
Export as new Build Order

CinDra Zerg - Winner!

Build Orders: Hatch First 

Get SALT Encoding   

  12  0:03  Drone  
  13  0:12  Drone  
  14  0:17  Overlord  
  14  0:37  Drone  
  14  0:38  Drone  
  14  0:39  Drone  
  17  0:49  Drone  
  18  1:01  Overlord  
  18  1:13  Hatchery  
  18  1:15  Drone  
  18  1:23  Drone  
  19  1:30  Spawning Pool  
  18  1:34  Drone  
  18  1:37  Extractor  
  18  1:46  Drone  
  19  1:53  Drone  
  20  2:07  Drone  
  21  2:15  Drone  
  22  2:19  Queen  
  24  2:26  Drone x2  
  26  2:32  Queen  
  26  2:36  Zergling x4  
  30  2:57  Drone x2  
  32  2:58  Drone  
  33  3:06  Extractor  
  32  3:21  Overlord x3  
  32  3:44  Drone x4  
  32  3:45  Drone x2  
  38  4:03  Drone  
  38  4:04  Roach Warren  
  38  4:06  Drone  
  38  4:07  Drone x2  
  38  4:08  Drone x3  
  38  4:09  Drone  
  45  4:17  Zergling x2  
  45  4:18  Zergling x2  
  47  4:30  Overlord  
  47  4:34  Zergling x2  
  48  4:42  Evolution Chamber  
  48  4:44  Evolution Chamber, Lair  
  47  4:45  Extractor, Drone x2  
  47  4:46  Drone x2  
  47  4:47  Extractor  
  48  4:53  Roach x6  
  48  4:58  Metabolic Boost  
  60  5:16  Overlord x2  
  60  5:33  Zerg Melee Weapons Level 1  
  60  5:34  Zerg Missile Weapons Level 1  
  60  5:38  Overlord  
  60  5:39  Overlord  
  60  5:40  Drone x2  
  60  5:41  Drone  
  63  6:03  Drone  
  65  6:04  Drone x10  
  73  6:21  Hatchery  
  73  6:24  Roach x3  
  74  6:48  Drone x2  
  74  6:49  Drone x2  
  78  7:03  Glial Reconstitution  
  78  7:21  Drone x3  
  78  7:22  Drone x3  
  84  7:23  Overlord x4  
  84  7:24  Infestation Pit, Overlord x2  
  83  7:40  Queen  
  85  7:50  Zerg Melee Weapons Level 2  
  85  7:51  Zerg Missile Weapons Level 2  
  85  8:12  Zergling x8  
  89  8:13  Zergling x2, Roach x4  
  89  8:14  Roach x6  
  89  8:18  Hive  
  110  8:27  Extractor  
  110  8:29  Extractor  
  108  9:02  Drone x4  
  112  9:03  Drone x2  
  112  9:04  Roach  
  112  9:05  Roach x11  
  138  9:17  Overlord x3  
  138  9:44  Roach  
  138  9:45  Overlord x3, Roach x5  
  150  10:00  Nydus Network  
  150  10:01  Zergling x2  
  150  10:02  Zergling x8  
  154  10:29  Overlord x3  
  154  10:30  Viper, Overlord, Roach  
  154  10:31  Roach x4  
  166  10:39  Roach x3  
  166  10:40  Roach x5  
  161  11:04  Roach  
  161  11:08  Queen  
Show
View Real Time Build Order
Export as new Build Order

A.I. 1 (Medium) Protoss 

Build Orders:  

Get SALT Encoding   

  12  0:00  Probe  
  13  0:13  Probe  
  14  0:19  Pylon  
  14  0:25  Probe  
  15  0:37  Probe  
  15  0:41  Gateway  
  16  0:47  Assimilator  
  16  0:49  Probe  
  17  1:01  Pylon  
  17  1:02  Probe  
  18  1:29  Gateway  
  18  1:30  Cybernetics Core  
  18  1:33  Assimilator  
  18  1:40  Zealot  
  20  2:07  Zealot, Warp Gate  
  22  2:11  Pylon  
  22  2:17  Stalker  
  24  2:34  Stalker  
  24  2:35  Probe  
  27  2:48  Stalker, Probe  
  30  2:54  Pylon  
  30  3:00  Probe  
  30  3:04  Stalker  
  33  3:11  Forge  
  33  3:12  Probe  
  34  3:24  Probe  
  35  3:36  Probe  
  36  5:30  Sentry, Probe  
  36  5:31  Photon Cannon  
  36  5:35  Photon Cannon  
  39  5:38  Robotics Facility  
  39  5:39  Stargate  
  39  5:41  Twilight Council  
  39  5:43  Adept  
  39  5:45  Gateway  
  39  5:48  Forge  
  41  5:50  Pylon  
  41  5:55  Stalker  
  43  6:08  Sentry, Probe  
  46  6:12  Pylon  
  46  6:21  Adept  
  42  6:25  Nexus  
  42  6:26  Observer  
  37  6:34  Stalker  
  39  6:47  Stalker  
  39  6:48  Observer  
  42  7:00  Stalker  
  44  7:13  Zealot  
  46  7:25  Zealot  
  48  7:38  Stalker, Probe  
  48  7:41  Probe  
  52  7:46  Assimilator  
  52  7:48  Pylon  
  52  7:50  Probe  
  52  7:51  Pylon  
  53  7:53  Assimilator, Probe  
  54  8:02  Probe  
  54  8:05  Probe  
  56  8:12  Photon Cannon  
  56  8:14  Probe  
  56  8:16  Photon Cannon  
  56  8:17  Probe  
  58  8:20  Photon Cannon  
  58  8:26  Probe  
  59  8:29  Probe  
  60  8:38  Probe  
  61  8:41  Probe  
  62  8:50  Probe  
  62  8:53  Probe  
  64  9:02  Probe  
  64  9:05  Probe  
  66  9:15  Probe  
  67  9:17  Probe  
  68  9:27  Probe  
  68  9:30  Probe  
  70  9:56  Warp Prism  
  70  9:57  Stalker  
  74  10:00  Gateway  
  74  10:03  Robotics Bay  
  74  10:07  Robotics Facility  
  74  10:12  Stargate  
  74  10:17  Fleet Beacon  
  74  10:22  Pylon  
  74  10:27  Templar Archives  
  74  10:29  Dark Shrine  
  74  10:32  Zealot, Warp Prism  
  76  10:39  Zealot  
  59  10:46  Stalker  
  43  11:01  Stalker  
  35  11:08  Stalker  
  29  11:16  Probe  
  26  11:25  Nexus  
  32  11:28  Stalker  
  32  11:32  Pylon  
Tags
 
League
Bronze
Matchup
PvZ
Spawn Locations
Cross Positions
Add a new tag
Caveats
  • Supply blocks, unpowered buildings, or Contaminate may cause inaccurate times.
  • Supply counts are checked every 10 seconds.